BSA
BAFFIN ISLAND BEAVERS @ IRVINE GANG GREEN
07/30/2030
 
TOP OF THE 1ST
Baffin Island Beavers batting - Pitching for Irvine Gang Green : RHP Jesús De Los Santos
Pitching: RHP Jesús De Los Santos
Batting: RHB Alden Isenhood 0-0: Called Strike
0-1: Ball
1-1: Called Strike
1-2: Ball
2-2: SINGLE (Line Drive, 6MD)
Batting: LHB Albert Morgan 0-0: Ball
1-0: Fly out, F4 (Line Drive, 4)
Now at 2B: Oliver Cisneros
Batting: LHB Felipe Guerrero 0-0: Ball
1-0: Swinging Strike
1-1: Ball
Alden Isenhood steals 2nd base
2-1: Foul Ball, location: 2F
2-2: Ground out 6-3 (Groundball, 6)
Alden Isenhood to third
Batting: RHB Paco Arellano 0-0: Called Strike
0-1: Ball
1-1: Foul Ball, location: 2F
1-2: Ball
2-2: Ball
3-2: Base on Balls
Batting: LHB Howard Evans 0-0: Called Strike
0-1: Ball
1-1: Swinging Strike
1-2: Foul Ball, location: 2F
1-2: Ball
2-2: Ball
3-2: Ground out 4-3 (Groundball, 4)
Top of the 1st over - 0 runs, 1 hit, 0 errors, 2 left on base; Baffin Island 0 - Irvine 0
BOTTOM OF THE 1ST
Irvine Gang Green batting - Pitching for Baffin Island Beavers : LHP Luis Noriega
Pitching: LHP Luis Noriega
Batting: RHB Tomás Carranza 0-0: Called Strike
0-1: Called Strike
0-2: SINGLE (Flyball, 89S)
Batting: RHB José Salazar 0-0: Ball
1-0: SINGLE (Groundball, 6MD)
Tomás Carranza to second
Batting: LHB Jeff Daniels 0-0: Swinging Strike
0-1: Ball
1-1: Ball
2-1: SINGLE (Line Drive, 4MD)
Tomás Carranza to third
José Salazar to second
Runner from 3rd tries for Home, SAFE, no throw
Batting: LHB Víctor Quiñones 0-0: Ball
1-0: Called Strike
1-1: Foul Ball, location: 2F
1-2: Ball
2-2: SINGLE (Groundball, 3D)
José Salazar to third
Jeff Daniels to second
Runner from 3rd tries for Home, SAFE, no throw
Batting: RHB Carlos García 0-0: Ball
1-0: Called Strike
1-1: Ball
2-1: Foul Ball, location: 2F
2-2: Foul Ball, location: 2F
2-2: Strikes out swinging
Batting: LHB Oliver Cisneros 0-0: Foul Ball, location: 2F
0-1: Fly out, F3 (Line Drive, 3)
Lined into DP, U3 (Line Drive, 3)
Bottom of the 1st over - 2 runs, 4 hits, 0 errors, 1 left on base; Baffin Island 0 - Irvine 2
TOP OF THE 2ND
Baffin Island Beavers batting - Pitching for Irvine Gang Green : RHP Jesús De Los Santos
Batting: RHB Dave Craig 0-0: Foul Ball, location: 2F
0-1: Ball
1-1: Fly out, F8 (Flyball, 8LD)
Batting: SHB Alonso Ferreira 0-0: Hit by Pitch
Batting: RHB Germán Rosales 0-0: Ball
1-0: Foul Ball, location: 2F
1-1: Ball
2-1: Swinging Strike
2-2: Foul Ball, location: 2F
2-2: Fielders Choice at 2nd, 1-6 (Groundball, P)
Batting: RHB Pedro Rosado 0-0: Ball
1-0: Fielders Choice at 2nd, 5-4 (Groundball, 56)
Top of the 2nd over - 0 runs, 0 hits, 0 errors, 1 left on base; Baffin Island 0 - Irvine 2
BOTTOM OF THE 2ND
Irvine Gang Green batting - Pitching for Baffin Island Beavers : LHP Luis Noriega
Batting: RHB Sergio Moreno 0-0: Called Strike
0-1: Ball
1-1: Swinging Strike
1-2: Fly out, F8 (Flyball, 8LD)
Batting: RHB Ronnie Brown 0-0: Called Strike
0-1: Ball
1-1: Ball
2-1: Ball
3-1: Base on Balls
Batting: LHB Tom Baker 0-0: Fly out, F7 (Line Drive, 78M)
Batting: RHB Tomás Carranza 0-0: Called Strike
0-1: Ball
1-1: Foul Ball, location: 2F
1-2: Ground out 4-3 (Groundball, 4)
Bottom of the 2nd over - 0 runs, 0 hits, 0 errors, 1 left on base; Baffin Island 0 - Irvine 2
TOP OF THE 3RD
Baffin Island Beavers batting - Pitching for Irvine Gang Green : RHP Jesús De Los Santos
Batting: RHB Alden Isenhood 0-0: Ball
1-0: Ball
2-0: SINGLE (Groundball, 6MD)
Batting: LHB Albert Morgan 0-0: Called Strike
0-1: Foul Ball, location: 2F
0-2: Ball
1-2: Ball
2-2: Foul Ball, location: 2F
2-2: Ball
3-2: Base on Balls
Alden Isenhood to second
Batting: LHB Felipe Guerrero 0-0: Ball
1-0: Swinging Strike
1-1: Ball
2-1: Foul Ball, location: 2F
2-2: Foul Ball, location: 2F
2-2: Fielders Choice at 2nd, 3-6 (Groundball, 3)
Alden Isenhood to third
Batting: RHB Paco Arellano 0-0: Called Strike
0-1: Ball
1-1: Foul Ball, location: 2F
1-2: Ground out 4-3 (Groundball, 34)
Alden Isenhood scores
Felipe Guerrero to second
Batting: LHB Howard Evans 0-0: Swinging Strike
0-1: Swinging Strike
0-2: Strikes out looking
Top of the 3rd over - 1 run, 1 hit, 0 errors, 1 left on base; Baffin Island 1 - Irvine 2
BOTTOM OF THE 3RD
Irvine Gang Green batting - Pitching for Baffin Island Beavers : LHP Luis Noriega
Batting: RHB José Salazar 0-0: Called Strike
0-1: Foul Ball, location: 2F
0-2: Foul Ball, location: 2F
0-2: Ball
1-2: Ball
2-2: Strikes out looking
Batting: LHB Jeff Daniels 0-0: Ball
1-0: SINGLE (Line Drive, 78S)
Batting: LHB Víctor Quiñones 0-0: Ball
1-0: Foul Ball, location: 2F
1-1: Ball
2-1: Ball
3-1: Fly out, F9 (Flyball, 9)
Batting: RHB Carlos García 0-0: Ball
1-0: Foul Ball, location: 2F
1-1: Ball
2-1: Ball
3-1: Reached on error, E5 (Groundball, 5L)
Jeff Daniels to second
Batting: LHB Oliver Cisneros 0-0: Foul Ball, location: 2F
0-1: Ground out U3 (Groundball, 3)
Bottom of the 3rd over - 0 runs, 1 hit, 1 error, 2 left on base; Baffin Island 1 - Irvine 2
TOP OF THE 4TH
Baffin Island Beavers batting - Pitching for Irvine Gang Green : RHP Jesús De Los Santos
Batting: RHB Dave Craig 0-0: Called Strike
0-1: Ball
1-1: SINGLE (Line Drive, 8RS)
Batting: SHB Alonso Ferreira 0-0: Ball
1-0: Called Strike
1-1: Foul Ball, location: 2F
1-2: Ball
2-2: Ball
3-2: Foul Ball, location: 2F
3-2: DOUBLE (Line Drive, 9LM)
Dave Craig to third
Dave Craig scores
Pinch Runner at 2nd Max Rash:
Batting: RHB Germán Rosales 0-0: Fly out, F7 (Flyball, 7S)
Batting: RHB Pedro Rosado 0-0: Ball
1-0: Called Strike
1-1: Foul Ball, location: 2F
1-2: Fly out, F8 (Flyball, 8RD)
Runner from 2nd tags up, SAFE at 3rd with throw
Batting: RHB Alden Isenhood 0-0: Foul Ball, location: 2F
0-1: Foul Ball, location: 2F
0-2: Ball
1-2: Fly out, F9 (Flyball, 9LDF)
Top of the 4th over - 1 run, 2 hits, 0 errors, 1 left on base; Baffin Island 2 - Irvine 2
BOTTOM OF THE 4TH
Irvine Gang Green batting - Pitching for Baffin Island Beavers : LHP Luis Noriega
Now at 1B: Max Rash
Batting: RHB Sergio Moreno 0-0: Called Strike
0-1: Ball
1-1: Ball
2-1: Foul Ball, location: 2F
2-2: Strikes out swinging
Batting: RHB Ronnie Brown 0-0: Ball
1-0: Called Strike
1-1: SINGLE (Line Drive, 6M)
Batting: LHB Tom Baker 0-0: Called Strike
0-1: Ball
1-1: Called Strike
1-2: Strikes out swinging
Batting: RHB Tomás Carranza 0-0: SINGLE (Groundball, 34S) (infield hit)
Ronnie Brown to second
Batting: RHB José Salazar 0-0: Foul Ball, location: 2F
0-1: Ball
1-1: Ball
2-1: Foul Ball, location: 2F
2-2: Fielders Choice at 2nd, 5-4 (Groundball, 5)
Bottom of the 4th over - 0 runs, 2 hits, 0 errors, 2 left on base; Baffin Island 2 - Irvine 2
TOP OF THE 5TH
Baffin Island Beavers batting - Pitching for Irvine Gang Green : RHP Jesús De Los Santos
Batting: LHB Albert Morgan 0-0: Called Strike
0-1: Ground out 6-3 (Groundball, 6MS)
Batting: LHB Felipe Guerrero 0-0: Ball
1-0: Swinging Strike
1-1: Ball
2-1: Swinging Strike
2-2: Foul Ball, location: 2F
2-2: Strikes out swinging
Batting: RHB Paco Arellano 0-0: Swinging Strike
0-1: Ball
1-1: Foul Ball, location: 2F
1-2: Foul Ball, location: 2F
1-2: SINGLE (Line Drive, 56D)
Batting: LHB Howard Evans 0-0: Ball
1-0: Ground out U3 (Groundball, 3)
Top of the 5th over - 0 runs, 1 hit, 0 errors, 1 left on base; Baffin Island 2 - Irvine 2
BOTTOM OF THE 5TH
Irvine Gang Green batting - Pitching for Baffin Island Beavers : LHP Luis Noriega
Batting: LHB Jeff Daniels 0-0: Ball
1-0: Ball
2-0: Called Strike
2-1: Foul Ball, location: 2F
2-2: Ball
3-2: Base on Balls
Batting: LHB Víctor Quiñones 0-0: Ball
1-0: Swinging Strike
1-1: Grounds into double play, 5-4-3 (Groundball, 56)
Batting: RHB Carlos García 0-0: Ball
1-0: Ball
2-0: Foul Ball, location: 2F
2-1: Ball
3-1: Ground out 5-3 (Groundball, 56S)
Bottom of the 5th over - 0 runs, 0 hits, 0 errors, 0 left on base; Baffin Island 2 - Irvine 2
TOP OF THE 6TH
Baffin Island Beavers batting - Pitching for Irvine Gang Green : RHP Jesús De Los Santos
Pitching: RHP Brandon Williams
Batting: RHB Dave Craig 0-0: Ball
1-0: Called Strike
1-1: Swinging Strike
1-2: Ball
2-2: Ball
3-2: Base on Balls
Batting: RHB Max Rash 0-0: Ball
1-0: Fly out, F8 (Flyball, 8LD)
Batting: RHB Germán Rosales 0-0: Swinging Strike
0-1: Ball
1-1: Ball
2-1: Called Strike
2-2: Strikes out swinging
Batting: RHB Pedro Rosado 0-0: Ball
1-0: Foul Ball, location: 2F
1-1: Ball
2-1: Ball
3-1: Ground out 4-3 (Groundball, 4)
Top of the 6th over - 0 runs, 0 hits, 0 errors, 1 left on base; Baffin Island 2 - Irvine 2
BOTTOM OF THE 6TH
Irvine Gang Green batting - Pitching for Baffin Island Beavers : LHP Luis Noriega
Pitching: RHP Colm Stewart
Batting: LHB Oliver Cisneros 0-0: Called Strike
0-1: Fly out, F5 (Popup, 25F)
Batting: RHB Sergio Moreno 0-0: Ball
1-0: Fly out, F5 (Popup, 56S)
Batting: RHB Ronnie Brown 0-0: Called Strike
0-1: Foul Ball, location: 2F
0-2: Ball
1-2: Foul Ball, location: 2F
1-2: Ground out 4-3 (Groundball, 34)
Bottom of the 6th over - 0 runs, 0 hits, 0 errors, 0 left on base; Baffin Island 2 - Irvine 2
TOP OF THE 7TH
Baffin Island Beavers batting - Pitching for Irvine Gang Green : RHP Brandon Williams
Batting: RHB Alden Isenhood 0-0: Ball
1-0: Ball
2-0: Fly out, F9 (Flyball, 9LS)
Batting: LHB Albert Morgan 0-0: Called Strike
0-1: Called Strike
0-2: Foul Ball, location: 2F
0-2: Foul Ball, location: 2F
0-2: Ball
1-2: Strikes out swinging
Batting: LHB Felipe Guerrero 0-0: Foul Ball, location: 2F
0-1: Foul Ball, location: 2F
0-2: Ball
1-2: Ball
2-2: Strikes out swinging
Top of the 7th over - 0 runs, 0 hits, 0 errors, 0 left on base; Baffin Island 2 - Irvine 2
BOTTOM OF THE 7TH
Irvine Gang Green batting - Pitching for Baffin Island Beavers : RHP Colm Stewart
Batting: LHB Tom Baker 0-0: Ball
1-0: Called Strike
1-1: Ball
2-1: Foul Ball, location: 2F
2-2: Strikes out looking
Batting: RHB Tomás Carranza 0-0: Ball
1-0: Fly out, F9 (Flyball, 9)
Batting: RHB José Salazar 0-0: Ball
1-0: Foul Ball, location: 2F
1-1: Swinging Strike
1-2: Strikes out swinging
Bottom of the 7th over - 0 runs, 0 hits, 0 errors, 0 left on base; Baffin Island 2 - Irvine 2
TOP OF THE 8TH
Baffin Island Beavers batting - Pitching for Irvine Gang Green : RHP Brandon Williams
Batting: RHB Paco Arellano 0-0: Swinging Strike
0-1: Ball
1-1: SINGLE (Groundball, 4MD)
Batting: LHB Howard Evans 0-0: Foul Ball, location: 2F
0-1: Grounds into double play, 3-6-3 (Groundball, 3)
Pitching: RHP Ramón Silva
Batting: RHB Dave Craig 0-0: Fly out, F9 (Flyball, 9LM)
Top of the 8th over - 0 runs, 1 hit, 0 errors, 0 left on base; Baffin Island 2 - Irvine 2
BOTTOM OF THE 8TH
Irvine Gang Green batting - Pitching for Baffin Island Beavers : RHP Colm Stewart
Batting: LHB Jeff Daniels 0-0: Ball
1-0: DOUBLE (Line Drive, 78XD)
Batting: LHB Víctor Quiñones 0-0: Intentional Walk
Pinch Hitting: SHB Nick Cox 0-0: Called Strike
0-1: Swinging Strike
0-2: Foul Ball, location: 2F
0-2: Foul Ball, location: 2F
0-2: Ball
1-2: Ball
2-2: Ball
Passed Ball!
Jeff Daniels to third
Víctor Quiñones to second
3-2: Intentional Walk
Pinch Hitting: LHB Tom Blake 0-0: Called Strike
0-1: Foul Ball, location: 2F
0-2: Strikes out swinging
Batting: RHB Sergio Moreno 0-0: Called Strike
0-1: Ball
1-1: Foul Ball, location: 2F
1-2: Ball
2-2: Ball
3-2: Grounds into fielders choice 1-2 (Groundball, 13)
Víctor Quiñones to third
Nick Cox to second
Batting: RHB Ronnie Brown 0-0: Foul Ball, location: 2F
0-1: Ball
1-1: Called Strike
1-2: Ball
2-2: Strikes out swinging
Bottom of the 8th over - 0 runs, 1 hit, 0 errors, 3 left on base; Baffin Island 2 - Irvine 2
TOP OF THE 9TH
Baffin Island Beavers batting - Pitching for Irvine Gang Green : RHP Ramón Silva
Now at 2B: David Adams
Now in RF: Tom Blake
Batting: RHB Max Rash 0-0: Ball
1-0: Ball
2-0: Fly out, F4 (Popup, 4M)
Batting: RHB Germán Rosales 0-0: Ball
1-0: Ball
2-0: Ball
3-0: Base on Balls
Batting: RHB Pedro Rosado 0-0: Ball
1-0: Ball
2-0: Fly out, F9 (Flyball, 9)
Batting: RHB Alden Isenhood 0-0: Foul Ball, location: 2F
0-1: Ball
1-1: Called Strike
1-2: Ball
2-2: Fly out, F8 (Flyball, 8RD)
Top of the 9th over - 0 runs, 0 hits, 0 errors, 1 left on base; Baffin Island 2 - Irvine 2
BOTTOM OF THE 9TH
Irvine Gang Green batting - Pitching for Baffin Island Beavers : RHP Colm Stewart
Batting: LHB Tom Baker 0-0: Called Strike
0-1: Fly out, F3 (Line Drive, 34)
Batting: RHB Tomás Carranza 0-0: Ground out 3-1 (Groundball, 34S)
Batting: RHB José Salazar 0-0: Ball
1-0: Foul Ball, location: 2F
1-1: SINGLE (Line Drive, 7S)
Batting: LHB Jeff Daniels 0-0: Ball
1-0: Ball
2-0: Called Strike
2-1: Ball
3-1: Base on Balls
José Salazar to second
Pitching: RHP Fernand Picard
Batting: LHB Víctor Quiñones 0-0: Fly out, F8 (Flyball, 8LD)
Bottom of the 9th over - 0 runs, 1 hit, 0 errors, 2 left on base; Baffin Island 2 - Irvine 2
TOP OF THE 10TH
Baffin Island Beavers batting - Pitching for Irvine Gang Green : RHP Ramón Silva
Batting: LHB Albert Morgan 0-0: Called Strike
0-1: Ball
1-1: SINGLE (Groundball, 4MD)
Batting: LHB Felipe Guerrero 0-0: Ball
1-0: Called Strike
1-1: Called Strike
1-2: Foul Ball, location: 2F
1-2: Ball
2-2: Ball
3-2: Foul Ball, location: 2F
3-2: Foul Ball, location: 2F
3-2: Strikes out swinging
Albert Morgan steals 2nd base
Batter strikes out.
Batting: RHB Paco Arellano 0-0: Called Strike
0-1: Called Strike
0-2: Ball
1-2: Ball
2-2: Foul Ball, location: 2F
2-2: Ball
3-2: Foul Ball, location: 2F
3-2: Foul Ball, location: 2F
3-2: Fly out, F9 (Flyball, 9)
Batting: LHB Howard Evans 0-0: Ball
1-0: Ball
2-0: Ball
3-0: Base on Balls
Batting: RHB Dave Craig 0-0: Ball
1-0: Ball
2-0: Ball
3-0: Base on Balls
Albert Morgan to third
Howard Evans to second
Batting: RHB Max Rash 0-0: Called Strike
0-1: Ball
1-1: Ball
2-1: Foul Ball, location: 2F
2-2: Foul Ball, location: 2F
2-2: Ball
3-2: SINGLE (Flyball, 9LS)
Albert Morgan scores
Howard Evans to third
Dave Craig to second
Howard Evans scores
Dave Craig to third
Batting: RHB Germán Rosales 0-0: Ball
1-0: Ball
2-0: Ball
3-0: Base on Balls
Max Rash to second
Batting: RHB Pedro Rosado 0-0: Called Strike
0-1: Fielders Choice at 2nd, 6-4 (Groundball, 6)
Top of the 10th over - 2 runs, 2 hits, 0 errors, 3 left on base; Baffin Island 4 - Irvine 2
BOTTOM OF THE 10TH
Irvine Gang Green batting - Pitching for Baffin Island Beavers : RHP Fernand Picard
Batting: LHB David Adams 0-0: Foul Ball, location: 2F
0-1: Ball
1-1: Ball
2-1: Ground out 4-3 (Groundball, 4M)
Batting: LHB Tom Blake 0-0: Ball
1-0: Called Strike
1-1: Foul Ball, location: 2F
1-2: Ground out U3 (Groundball, 3L)
Batting: RHB Sergio Moreno 0-0: Called Strike
0-1: Swinging Strike
0-2: Ball
1-2: Ball
2-2: Ball
3-2: Strikes out looking
Bottom of the 10th over - 0 runs, 0 hits, 0 errors, 0 left on base; Baffin Island 4 - Irvine 2
Saturday, April 7th, 2018 - OOTP Baseball 18.8 Build 76